| TOP OF THE 1ST |
|
Lakewood BlueClaws batting - Pitching for Atlanta (MID) Braves : RHP Iestyn Nicholls
|
|
Pitching: RHP Iestyn Nicholls
|
|
|
Batting: LHB Matt Urbanek
|
0-0: Called Strike 0-1: Ball 1-1: Called Strike 1-2: Ball 2-2: Strikes out looking
|
|
Batting: RHB Eddie Serna
|
0-0: Called Strike 0-1: Ball 1-1: Called Strike 1-2: Foul Ball, location: 2F 1-2: SINGLE (Groundball, 56D, EV 106.2 MPH)
|
|
Batting: LHB Rich Kuehne
|
0-0: Ball 1-0: Ball 2-0: Called Strike 2-1: Ball 3-1: Fly out, F6 (Line Drive, 6, EV 69.4 MPH)
|
|
Batting: RHB Mike Bell
|
0-0: Ball 1-0: Ball 2-0: Ball Eddie Serna is caught stealing 2nd base 2-4
|
| Top of the 1st over - 0 runs, 1 hit, 0 errors, 0 left on base; Lakewood 0 - Atlanta (MID) 0 |
| BOTTOM OF THE 1ST |
|
Atlanta (MID) Braves batting - Pitching for Lakewood BlueClaws : LHP Tim Lawson
|
|
Pitching: LHP Tim Lawson
|
|
|
Batting: LHB Eric Jackson
|
0-0: Ball 1-0: Ball 2-0: SINGLE (Flyball, 6MD, EV 86.9 MPH)
|
|
Batting: RHB Chris Trites
|
0-0: Reached on error, E4 (Groundball, 34S, EV 90.6 MPH) Eric Jackson to third
|
|
Batting: LHB Tamaichi Sasada
|
0-0: Foul Ball, location: 2F 0-1: Ball 1-1: SINGLE (Line Drive, 8RS, EV 93.1 MPH) Eric Jackson scores Chris Trites to third
|
|
Batting: RHB Josh McCormick
|
0-0: Ball 1-0: Fielders Choice at 2nd, 5-4 (Groundball, 56S, EV 78.8 MPH) Chris Trites scores
|
|
Batting: SHB Brett McEwen
|
0-0: Ball 1-0: Called Strike 1-1: Foul Ball, location: 2F 1-2: SINGLE (Groundball, 56D, EV 101.2 MPH) Josh McCormick to second
|
|
Batting: LHB Ricardo Sandoval
|
0-0: Swinging Strike 0-1: Called Strike 0-2: Ball 1-2: Ball 2-2: Strikes out looking
|
|
Batting: RHB Costantino Dolfini
|
0-0: Ball 1-0: Called Strike 1-1: Ball 2-1: Ball 3-1: Swinging Strike 3-2: Strikes out swinging
|
| Bottom of the 1st over - 2 runs, 3 hits, 1 error, 2 left on base; Lakewood 0 - Atlanta (MID) 2 |
| TOP OF THE 2ND |
|
Lakewood BlueClaws batting - Pitching for Atlanta (MID) Braves : RHP Iestyn Nicholls
|
|
Batting: RHB Mike Bell
|
0-0: Ball 1-0: Foul Ball, location: 2F 1-1: Ball 2-1: SINGLE (Groundball, 6MD, EV 99.4 MPH)
|
|
Batting: LHB Ryan Young
|
0-0: Ball 1-0: Ball 2-0: Ball 3-0: Called Strike 3-1: Base on Balls Mike Bell to second
|
|
Batting: RHB Teh-huai Jiang
|
0-0: Fly out, F8 (Flyball, 8RXD, EV 107.5 MPH) Runner from 2nd tags up, SAFE at 3rd, no throw by CF
|
|
Batting: LHB Dennis French
|
0-0: Ball Pickoff Throw to First - Error! E1 Mike Bell scores Ryan Young to second 1-0: Called Strike 1-1: SINGLE (Groundball, 34D, EV 101.9 MPH) Ryan Young to third
|
|
Batting: RHB Frank Ramirez
|
0-0: Ball Dennis French steals 2nd base 1-0: DOUBLE (Line Drive, 78D, EV 101.2 MPH) Ryan Young scores Dennis French scores
|
|
Batting: RHB Rafael Soto
|
0-0: Called Strike 0-1: Called Strike 0-2: Foul Ball, location: 2F 0-2: Ball 1-2: Strikes out swinging
|
|
Batting: LHB Matt Urbanek
|
0-0: Foul Ball, location: 2F 0-1: Swinging Strike 0-2: Foul Ball, location: 2F 0-2: Ball 1-2: Ball 2-2: Ball 3-2: Strikes out swinging
|
| Top of the 2nd over - 3 runs, 3 hits, 1 error, 1 left on base; Lakewood 3 - Atlanta (MID) 2 |
| BOTTOM OF THE 2ND |
|
Atlanta (MID) Braves batting - Pitching for Lakewood BlueClaws : LHP Tim Lawson
|
|
Batting: RHB Alex Campos
|
0-0: Foul Ball, location: 2F 0-1: Ball 1-1: SINGLE (Line Drive, 7LS, EV 93.1 MPH)
|
|
Batting: RHB George Provance
|
0-0: DOUBLE (Groundball, 5L, EV 105.0 MPH) Alex Campos to third
|
|
Batting: LHB Eric Jackson
|
0-0: Swinging Strike 0-1: Ball 1-1: Called Strike 1-2: Strikes out swinging
|
|
Batting: RHB Chris Trites
|
0-0: Fly out, F9 (Flyball, 9LS, EV 91.9 MPH)
|
|
Batting: LHB Tamaichi Sasada
|
0-0: SINGLE (Line Drive, 34, EV 107.5 MPH) Alex Campos scores George Provance to third Runner from 3rd tries for Home, SAFE, throw by RF to home
|
|
Batting: RHB Josh McCormick
|
0-0: Ball 1-0: Ball 2-0: Called Strike 2-1: Ball 3-1: Foul Ball, location: 2F 3-2: Ground out 6-3 (Groundball, 6, EV 103.8 MPH)
|
| Bottom of the 2nd over - 2 runs, 3 hits, 0 errors, 1 left on base; Lakewood 3 - Atlanta (MID) 4 |
| TOP OF THE 3RD |
|
Lakewood BlueClaws batting - Pitching for Atlanta (MID) Braves : RHP Iestyn Nicholls
|
|
Batting: RHB Eddie Serna
|
0-0: Fly out, F4 (Line Drive, 4D, EV 70.0 MPH)
|
|
Batting: LHB Rich Kuehne
|
0-0: Ball 1-0: Called Strike 1-1: Called Strike 1-2: Strikes out swinging
|
|
Batting: RHB Mike Bell
|
0-0: Foul Ball, location: 2F 0-1: Swinging Strike 0-2: Foul Ball, location: 2F 0-2: Ball 1-2: Ball 2-2: Strikes out swinging
|
| Top of the 3rd over - 0 runs, 0 hits, 0 errors, 0 left on base; Lakewood 3 - Atlanta (MID) 4 |
| BOTTOM OF THE 3RD |
|
Atlanta (MID) Braves batting - Pitching for Lakewood BlueClaws : LHP Tim Lawson
|
|
Batting: SHB Brett McEwen
|
0-0: Ball 1-0: SINGLE (Groundball, 6MD, EV 108.1 MPH)
|
|
Batting: LHB Ricardo Sandoval
|
0-0: Ball 1-0: Ball 2-0: Ball 3-0: Base on Balls Brett McEwen to second
|
|
Batting: RHB Costantino Dolfini
|
0-0: Swinging Strike 0-1: Ball 1-1: Called Strike 1-2: Foul Ball, location: 2F 1-2: Ball 2-2: Ball 3-2: Base on Balls Brett McEwen to third Ricardo Sandoval to second
|
|
Batting: RHB Alex Campos
|
0-0: Ball 1-0: Called Strike 1-1: Ball Wild Pitch! Brett McEwen scores Ricardo Sandoval to third Costantino Dolfini to second 2-1: Swinging Strike 2-2: Ball 3-2: Base on Balls
|
|
Pitching: LHP Cesar Andrade
|
|
|
Batting: RHB George Provance
|
0-0: Foul Ball, location: 2F 0-1: Ball 1-1: Called Strike 1-2: Ball 2-2: Foul Ball, location: 2F 2-2: Fielders Choice at 2nd, 6-4 (Groundball, 6, EV 99.4 MPH) Ricardo Sandoval scores Costantino Dolfini to third
|
|
Batting: LHB Eric Jackson
|
0-0: Ball 1-0: Called Strike 1-1: Ball 2-1: Ball 3-1: Called Strike 3-2: Fielders Choice at 2nd, 4-6 (Groundball, 4, EV 103.1 MPH) Costantino Dolfini scores
|
|
Batting: RHB Chris Trites
|
0-0: Called Strike 0-1: Called Strike Eric Jackson steals 2nd base 0-2: Ball 1-2: Ground out 4-3 (Groundball, 4, EV 85.0 MPH)
|
| Bottom of the 3rd over - 3 runs, 1 hit, 0 errors, 1 left on base; Lakewood 3 - Atlanta (MID) 7 |
| TOP OF THE 4TH |
|
Lakewood BlueClaws batting - Pitching for Atlanta (MID) Braves : RHP Iestyn Nicholls
|
|
Batting: LHB Ryan Young
|
0-0: SINGLE (Flyball, 5D, EV 93.1 MPH)
|
|
Batting: RHB Teh-huai Jiang
|
0-0: Called Strike 0-1: Ball 1-1: Ball 2-1: Foul Ball, location: 2F 2-2: Ball 3-2: Strikes out looking Ryan Young steals 2nd, throwing error, E2 Ryan Young to third
|
|
Batting: LHB Dennis French
|
0-0: Ball 1-0: Swinging Strike 1-1: Ball 2-1: Swinging Strike 2-2: Ball 3-2: Foul Ball, location: 2F 3-2: Strikes out swinging
|
|
Batting: RHB Frank Ramirez
|
0-0: Ball 1-0: Foul Ball, location: 2F 1-1: Called Strike 1-2: Ground out 4-3 (Groundball, 34D, EV 100.0 MPH)
|
| Top of the 4th over - 0 runs, 1 hit, 1 error, 1 left on base; Lakewood 3 - Atlanta (MID) 7 |
| BOTTOM OF THE 4TH |
|
Atlanta (MID) Braves batting - Pitching for Lakewood BlueClaws : LHP Cesar Andrade
|
|
Batting: LHB Tamaichi Sasada
|
0-0: Foul Ball, location: 2F 0-1: Fly out, F5 (Line Drive, 6, EV 66.9 MPH)
|
|
Batting: RHB Josh McCormick
|
0-0: Called Strike 0-1: Ball 1-1: Ball 2-1: SINGLE (Groundball, 34D, EV 100.0 MPH)
|
|
Batting: SHB Brett McEwen
|
0-0: Ball 1-0: Ball 2-0: Swinging Strike 2-1: Ground out 4-3 (Groundball, 4S, EV 69.4 MPH) Josh McCormick to second
|
|
Batting: LHB Ricardo Sandoval
|
0-0: Foul Ball, location: 2F 0-1: Called Strike 0-2: Foul Ball, location: 2F 0-2: Fly out, F8 (Flyball, 8RM, EV 98.8 MPH)
|
| Bottom of the 4th over - 0 runs, 1 hit, 0 errors, 1 left on base; Lakewood 3 - Atlanta (MID) 7 |
| TOP OF THE 5TH |
|
Lakewood BlueClaws batting - Pitching for Atlanta (MID) Braves : RHP Iestyn Nicholls
|
|
Batting: RHB Rafael Soto
|
0-0: Ball 1-0: Called Strike 1-1: Ball 2-1: Called Strike 2-2: Ball 3-2: Strikes out swinging
|
|
Batting: LHB Matt Urbanek
|
0-0: Called Strike 0-1: Ball 1-1: Ground out 5-3 (Groundball, 5, EV 83.1 MPH)
|
|
Batting: RHB Eddie Serna
|
0-0: Ball 1-0: Foul Ball, location: 2F 1-1: Ball 2-1: SINGLE (Line Drive, 89S, EV 101.9 MPH)
|
|
Batting: LHB Rich Kuehne
|
0-0: Called Strike 0-1: Ball 1-1: Ground out U3 (Groundball, 3, EV 91.9 MPH)
|
| Top of the 5th over - 0 runs, 1 hit, 0 errors, 1 left on base; Lakewood 3 - Atlanta (MID) 7 |
| BOTTOM OF THE 5TH |
|
Atlanta (MID) Braves batting - Pitching for Lakewood BlueClaws : LHP Cesar Andrade
|
|
Batting: RHB Costantino Dolfini
|
0-0: Fly out, F8 (Flyball, 8LD, EV 107.5 MPH)
|
|
Batting: RHB Alex Campos
|
0-0: Foul Ball, location: 2F 0-1: Swinging Strike 0-2: Ball 1-2: Strikes out swinging
|
|
Batting: RHB George Provance
|
0-0: Fly out, F9 (Flyball, 89M, EV 87.5 MPH)
|
| Bottom of the 5th over - 0 runs, 0 hits, 0 errors, 0 left on base; Lakewood 3 - Atlanta (MID) 7 |
| TOP OF THE 6TH |
|
Lakewood BlueClaws batting - Pitching for Atlanta (MID) Braves : RHP Iestyn Nicholls
|
|
Pitching: RHP Jeremy Armstrong
|
|
|
Batting: RHB Mike Bell
|
0-0: Ball 1-0: Fly out, F7 (Flyball, 7D, EV 106.2 MPH)
|
|
Batting: LHB Ryan Young
|
0-0: Fly out, F7 (Line Drive, 7, EV 93.1 MPH)
|
|
Batting: RHB Teh-huai Jiang
|
0-0: Called Strike 0-1: Foul Ball, location: 2F 0-2: Ball 1-2: Strikes out swinging
|
| Top of the 6th over - 0 runs, 0 hits, 0 errors, 0 left on base; Lakewood 3 - Atlanta (MID) 7 |
| BOTTOM OF THE 6TH |
|
Atlanta (MID) Braves batting - Pitching for Lakewood BlueClaws : LHP Cesar Andrade
|
|
Batting: LHB Eric Jackson
|
0-0: Ball 1-0: Ball 2-0: Foul Ball, location: 2F 2-1: Ground out U3 (Groundball, 34S, EV 81.9 MPH)
|
|
Batting: RHB Chris Trites
|
0-0: Called Strike 0-1: Hit by Pitch
|
|
Pitching: RHP Alec Guglielmo
|
|
|
Batting: LHB Tamaichi Sasada
|
0-0: Ball Chris Trites is caught stealing 2nd base 2-6 1-0: SINGLE (Flyball, 78S, EV 95.6 MPH)
|
|
Batting: RHB Josh McCormick
|
0-0: Ball 1-0: Called Strike 1-1: Foul Ball, location: 2F 1-2: Ball 2-2: Ball 3-2: Foul Ball, location: 2F 3-2: Reached on error, E5 (Groundball, 56, EV 96.9 MPH) Tamaichi Sasada to second
|
|
Batting: SHB Brett McEwen
|
0-0: Ball 1-0: Called Strike 1-1: Ball 2-1: Ball 3-1: Base on Balls Tamaichi Sasada to third Josh McCormick to second
|
|
Batting: LHB Ricardo Sandoval
|
0-0: Fielders Choice at 2nd, 6-4 (Groundball, 6, EV 82.5 MPH)
|
| Bottom of the 6th over - 0 runs, 1 hit, 1 error, 3 left on base; Lakewood 3 - Atlanta (MID) 7 |
| TOP OF THE 7TH |
|
Lakewood BlueClaws batting - Pitching for Atlanta (MID) Braves : RHP Jeremy Armstrong
|
|
Batting: LHB Dennis French
|
0-0: SINGLE (Flyball, 9LS, EV 95.6 MPH)
|
|
Batting: RHB Frank Ramirez
|
0-0: Ball 1-0: Ball 2-0: Called Strike 2-1: Called Strike Dennis French steals 2nd base 2-2: Strikes out swinging
|
|
Batting: RHB Rafael Soto
|
0-0: Swinging Strike 0-1: Foul Ball, location: 2F 0-2: SINGLE (Groundball, 6M, EV 101.2 MPH) (infield hit) Dennis French to third
|
|
Batting: LHB Matt Urbanek
|
0-0: Ball 1-0: Called Strike 1-1: Called Strike 1-2: Foul Ball, location: 2F 1-2: Ball 2-2: Ball 3-2: Strikes out swinging
|
|
Batting: RHB Eddie Serna
|
0-0: Ball 1-0: Swinging Strike 1-1: Ground out 4-3 (Groundball, 34, EV 82.5 MPH)
|
| Top of the 7th over - 0 runs, 2 hits, 0 errors, 2 left on base; Lakewood 3 - Atlanta (MID) 7 |
| BOTTOM OF THE 7TH |
|
Atlanta (MID) Braves batting - Pitching for Lakewood BlueClaws : RHP Alec Guglielmo
|
|
Batting: RHB Costantino Dolfini
|
0-0: Ball 1-0: Called Strike 1-1: Swinging Strike 1-2: Ball 2-2: Strikes out swinging
|
|
Batting: RHB Alex Campos
|
0-0: Ball 1-0: Foul Ball, location: 2F 1-1: Ball 2-1: DOUBLE (Groundball, 5L, EV 97.5 MPH)
|
|
Batting: RHB George Provance
|
0-0: Ground out 4-3 (Groundball, 34, EV 101.9 MPH) Alex Campos to third
|
|
Batting: LHB Eric Jackson
|
0-0: Called Strike 0-1: Called Strike 0-2: Foul Ball, location: 2F 0-2: Ball 1-2: Ground out 4-3 (Groundball, 4, EV 86.2 MPH)
|
| Bottom of the 7th over - 0 runs, 1 hit, 0 errors, 1 left on base; Lakewood 3 - Atlanta (MID) 7 |
| TOP OF THE 8TH |
|
Lakewood BlueClaws batting - Pitching for Atlanta (MID) Braves : RHP Jeremy Armstrong
|
|
Pitching: RHP Jessie Mattei
|
|
|
Batting: LHB Rich Kuehne
|
0-0: Ball 1-0: Fly out, F7 (Line Drive, 7S, EV 96.9 MPH)
|
|
Batting: RHB Mike Bell
|
0-0: Ball 1-0: Ball 2-0: Ball 3-0: Called Strike 3-1: Foul Ball, location: 2F 3-2: Foul Ball, location: 2F 3-2: Strikes out swinging
|
|
Batting: LHB Ryan Young
|
0-0: Called Strike 0-1: Fly out, F8 (Flyball, 8LM, EV 88.1 MPH)
|
| Top of the 8th over - 0 runs, 0 hits, 0 errors, 0 left on base; Lakewood 3 - Atlanta (MID) 7 |
| BOTTOM OF THE 8TH |
|
Atlanta (MID) Braves batting - Pitching for Lakewood BlueClaws : RHP Alec Guglielmo
|
|
Pitching: RHP Danny Dean
|
|
|
Batting: RHB Chris Trites
|
0-0: Ball 1-0: Ground out 5-3 (Groundball, 56S, EV 83.1 MPH)
|
|
Batting: LHB Tamaichi Sasada
|
0-0: Ball 1-0: Ground out 1-3 (Groundball, P, EV 70.6 MPH)
|
|
Batting: RHB Josh McCormick
|
0-0: Ground out 6-3 (Groundball, 4M, EV 86.9 MPH)
|
| Bottom of the 8th over - 0 runs, 0 hits, 0 errors, 0 left on base; Lakewood 3 - Atlanta (MID) 7 |
| TOP OF THE 9TH |
|
Lakewood BlueClaws batting - Pitching for Atlanta (MID) Braves : RHP Jessie Mattei
|
|
Pitching: LHP Darius Brown
|
|
|
Batting: RHB Teh-huai Jiang
|
0-0: Ball 1-0: Ball 2-0: Fly out, F8 (Flyball, 8LM, EV 90.6 MPH)
|
|
Batting: LHB Dennis French
|
0-0: SINGLE (Groundball, 34S, EV 97.5 MPH)
|
|
Batting: RHB Frank Ramirez
|
0-0: Ball 1-0: Ball 2-0: Called Strike 2-1: Fielders Choice at 2nd, 6-4 (Groundball, 6, EV 100.6 MPH)
|
|
Batting: RHB Rafael Soto
|
0-0: Ball 1-0: Called Strike 1-1: Swinging Strike 1-2: Strikes out swinging
|
| Top of the 9th over - 0 runs, 1 hit, 0 errors, 1 left on base; Lakewood 3 - Atlanta (MID) 7 |
|